 Dungeon Crawl Stone Soup version 0.28.0-45-g0d030f2227 (webtiles) character file.

Game seed: 5333431740004613861

399 Diomare the Poker (level 6, 0/46 HPs)
             Began as a Merfolk Gladiator on Apr 15, 2022.
             Was a Follower of Okawaru.
             Slain by an ogre
             ... wielding a +0 giant club
              (14 damage)
             ... on level 4 of the Dungeon.
             The game lasted 00:29:20 (3546 turns).

Diomare the Poker (Merfolk Gladiator)               Turns: 3546, Time: 00:29:21

Health: 0/46       AC: 10    Str: 20    XL:     6   Next: 84%
Magic:  6/6        EV:  9    Int:  7    God:    Okawaru [*.....]
Gold:   193        SH:  0    Dex: 17    Spells: 5/5 levels left

rFire   . . .      SeeInvis .   l - +2 flail of the Postmodern Beggars {vamp, Fragile Str+3 Dex+2}
rCold   . . .      Faith    .   x - orb {light}
rNeg    . . .      Spirit   .   s - +0 chain mail
rPois   +          Reflect  .   c - +0 helmet
rElec   .          Harm     .   (no cloak)
rCorr   .          Rampage  .   g - +0 pair of gloves
Will    .....                   (no boots)
Stlth   ..........              i - amulet of regeneration
HPRegen 0.95/turn               p - ring of poison resistance
MPRegen 0.10/turn               B - ring of poison resistance

@: glowing
A: (nimble swimmer 2), mertail
a: Renounce Religion, Heroism


You were on level 4 of the Dungeon.
You worshipped Okawaru.
Okawaru was aware of your devotion.
You visited 1 branch of the dungeon, and saw 4 of its levels.

You collected 193 gold pieces.

Inventory:

Hand Weapons
 a - a +0 trident
 l - the +2 flail of the Postmodern Beggars (weapon) {vamp, Fragile Str+3 Dex+2}
   (You found it on level 2 of the Dungeon)

   It occasionally heals its wielder for a portion of the damage dealt when it
   wounds a living foe.
   Str:       It affects your strength (+3).
   Dex:       It affects your dexterity (+2).
   Fragile:   It will be destroyed if unequipped.
Missiles
 d - 3 throwing nets (quivered)
 y - 16 poisoned darts
Armour
 c - a +0 helmet (worn)
 g - a +0 pair of gloves (worn)
 s - a +0 chain mail (worn)
 x - an orb of light (worn)
Jewellery
 i - an amulet of regeneration (around neck)
 o - an amulet of magic regeneration
 p - a ring of poison resistance (left hand)
 t - an amulet of reflection
 B - a ring of poison resistance (right hand)
 C - an amulet of the acrobat
Scrolls
 e - 2 scrolls of blinking {unknown}
 f - 2 scrolls of amnesia {unknown}
 j - 2 scrolls of teleportation
 k - a scroll of silence {unknown}
 m - a scroll of brand weapon {unknown}
 q - a scroll of immolation {unknown}
 v - 3 scrolls of summoning
 z - 2 scrolls of enchant armour {unknown}
 A - a scroll of vulnerability {unknown}
Potions
 h - 2 potions of haste
 n - a potion of degeneration {unknown}
 r - a potion of might {unknown}
 u - a potion of invisibility
 w - 3 potions of berserk rage


   Skills:
 + Level 2.6 Fighting
 + Level 3.4 Maces & Flails
 - Level 5.0 Polearms
 - Level 2.0 Throwing
 - Level 0.4 Armour
 + Level 4.5 Dodging
 + Level 3.5 Stealth
 * Level 2.5 Unarmed Combat


You had 5 spell levels left.
You didn't know any spells.
Your spell library was empty.

Dungeon Overview and Level Annotations

Branches:
Dungeon (4/15)
 Temple: D:4-7

Altars:
Kikubaaqudgha
Okawaru

Shops:
D:2 *


Innate Abilities, Weirdness & Mutations

((You are very nimble when in or above water. (Stealth+, EV+, Speed+++)))
Your lower body shifts to a powerful aquatic tail in water.


Message History

A kobold comes into view. It is wielding a +0 short sword.
The kobold shouts!
You hit the kobold but do no damage. The kobold hits you but does no damage.
You sock the kobold!
You kill the kobold!
Okawaru accepts your kill.
You see here a +0 short sword.
There is an open door here.
There is an open door here.
As you open the door, it creaks loudly!
There is an open door here.
You open the door.
An ogre comes into view. It is wielding a +0 giant club.
The ogre shouts!
There is an open door here.
You hit the ogre.
The ogre is lightly wounded.
The ogre hits you with a +0 giant club!
You hit the ogre.
You feel better.
The ogre is moderately wounded.
The ogre barely misses you.
You hit the ogre.
You feel better.
The ogre is heavily wounded.
The ogre hits you with a +0 giant club.
You sock the ogre!
You feel better.
The ogre is severely wounded.
The ogre hits you with a +0 giant club!
You hit the ogre.
You feel better.
The ogre is almost dead.
The ogre hits you with a +0 giant club!!
Ouch! That really hurt!
* * * LOW HITPOINT WARNING * * *
There is an open door here.
You hit the ogre.
You feel better.
The ogre is almost dead.
The ogre barely misses you.
You hit the ogre.
The ogre is almost dead.
The ogre hits you with a +0 giant club!
You die...

#......#....+.
############...####...#.
#...........##'####...#.
#.............'......'.
#.............#......#.
#.............#......#.
#######.########.###+#.
#.....#.##..####.#.....
#....O@..........#.....
#.....#..........#.....
#.....#....<.....#.....
#.....#..........+.....
#.....#..........#.....
#.....#..........#.....
#.....#..........#.....
#.....############.....
######


You could see an ogre.

Vanquished Creatures
  A water moccasin (D:3)
  A black bear (D:4)
  A hound (D:3)
  An iguana (D:4)
  5 adders
  A gnoll (D:3)
  3 worms
  A dart slug (D:1)
  5 orcs
  5 ball pythons
  8 bats
  2 endoplasms
  2 giant cockroaches
  13 goblins
  9 hobgoblins
  9 kobolds
  5 quokkas
  4 frilled lizards
  A quokka skeleton (D:4)
  6 rats
  A butterfly (D:2)
84 creatures vanquished.

Vanquished Creatures (others)
  2 plants (D:2)
2 creatures vanquished.

Grand Total: 86 creatures vanquished

Notes
Turn   | Place    | Note
-------+----------+-------------------------------------------
     0 | D:1      | Diomare the Merfolk Gladiator began the quest for the Orb.
     0 | D:1      | Reached XP level 1. HP: 16/16 MP: 1/1
   837 | D:1      | Reached XP level 2. HP: 22/22 MP: 2/2
  1254 | D:2      | Identified the +2 flail of the Postmodern Beggars {vamp,
                  | Fragile Str+3 Dex+2}
  1307 | D:2      | Reached skill level 1 in Stealth
  1327 | D:2      | Reached XP level 3. HP: 27/27 MP: 3/3
  1362 | D:2      | Reached skill level 5 in Polearms
  1362 | D:2      | Reached skill level 1 in Unarmed Combat
  1593 | D:2      | Reached XP level 4. HP: 33/33 MP: 4/4
  1598 | D:2      | Found Numm's Assorted Antiques.
  1698 | D:2      | Reached skill level 1 in Maces & Flails
  1968 | D:3      | Reached XP level 5. HP: 38/39 MP: 5/5
  2069 | D:3      | Found an iron altar of Okawaru.
  2077 | D:3      | Became a worshipper of Warmaster Okawaru
  2228 | D:3      | Noticed a water moccasin
  2267 | D:3      | Killed a water moccasin
  2268 | D:3      | Reached XP level 6. HP: 46/46 MP: 6/6
  2895 | D:4      | Found an ancient bone altar of Kikubaaqudgha.
  2970 | D:4      | Noticed a black bear
  2985 | D:4      | Killed a black bear
  2985 | D:4      | Reached * piety under Okawaru
  3546 | D:4      | Slain by an ogre

Illustrated notes

Levels and vault maps discovered:
D:1:      heliophobic_arrival_enchanted_forest, layout_loops_cross
D:2:      minmay_evil_eye, layout_rooms, serial_shops,
          nicolae_shop_hallway_stairs, hangedman_glass_garden
D:3:      layout_basic, okawaru_altar_gauntlet_db, minmay_misc_feat_square,
          minmay_cut_off
D:4:      black_bear_nest_1, layout_gridville,
          mainiacjoe_overflow_surrounded_room, chequers_jeans,
          corexii_checkpoint_b

Skill      XL: |  1  2  3  4  5  6 |
---------------+-------------------+-----
Stealth        | 1 2 3 |  3.5
Polearms       | 5 |  5.0
Unarmed Combat | 1 2 |  2.5
Maces & Flails | 1 2 3 |  3.4
Fighting       | |  2.6
Throwing       | |  2.0
Armour         | |  0.4
Dodging        | |  4.5

Action                   |  1- 3 |  4- 6 || total
-------------------------+-------+-------++-------
Melee: Trident           |    42 |       ||    42
       Punch             |     2 |     1 ||     3
       Flail             |    51 |   145 ||   196
  Use: Potion            |       |     2 ||     2
       Scroll            |       |     3 ||     3
 Stab: Sleeping          |     5 |     2 ||     7
       Invisible         |       |     4 ||     4
Armor: Leather armour    |    37 |     5 ||    42
       Chain mail        |       |    63 ||    63
Dodge: Dodged            |    82 |    69 ||   151
